 Dungeon Crawl Stone Soup version 0.29-a0-330-g52719c12eb (webtiles) character file.

Game seed: 2697997016712154670

111 tilp the Sneak (level 4, -4/37 HPs)
             Began as a Merfolk Brigand on Apr 29, 2022.
             Killed by nerve-wracking pain
             ... invoked by Grinder
              (13 damage)
             ... on level 3 of the Dungeon.
             The game lasted 00:03:20 (2178 turns).

tilp the Sneak (Merfolk Brigand)                    Turns: 2178, Time: 00:03:20

Health: -4/37      AC:  9    Str: 13    XL:     4   Next: 92%
Magic:  0/4        EV:  6    Int: 10    God:
Gold:   243        SH:  0    Dex: 15    Spells: 3/3 levels left

rFire   . . .      SeeInvis .   b - +2 dagger (speed)
rCold   . . .      Faith    .   (no shield)
rNeg    . . .      Spirit   +   r - +0 chain mail
rPois   .          Reflect  .   (no helmet)
rElec   .          Harm     .   c - +0 cloak
rCorr   .          Rampage  .   (no gloves)
Will    .....                   (no boots)
Stlth   ..........              f - amulet of guardian spirit
HPRegen 0.12/turn               (no ring)
MPRegen 0.09/turn               (no ring)

@: invisible
A: (nimble swimmer 2), mertail
a: no special abilities


You were on level 3 of the Dungeon.
You visited 1 branch of the dungeon, and saw 3 of its levels.

You collected 243 gold pieces.

Inventory:

Hand Weapons
 a - a +1 trident
 b - a +2 dagger of speed (weapon)
Missiles
 d - 11 poisoned darts (quivered)
 e - 3 curare-tipped darts
Armour
 c - a +0 cloak (worn)
 r - a +0 chain mail (worn)
Jewellery
 f - an amulet of guardian spirit (around neck)
Wands
 q - a wand of polymorph (13)
Scrolls
 g - 3 scrolls of fog
 m - a scroll of enchant weapon
Potions
 h - a potion of curing
 i - a potion of invisibility
 j - a potion of flight {unknown}
 k - a potion of brilliance {unknown}
 l - a potion of cancellation {unknown}


   Skills:
 - Level 4.0 Fighting
 - Level 2.4 Short Blades
 + Level 4.1 Polearms
 - Level 2.0 Throwing
 - Level 1.3 Dodging
 - Level 4.3 Stealth


You had 3 spell levels left.
You didn't know any spells.
Your spell library contained the following spells:

 Spells                   Type           Power      Damage    Failure   Level
 Sandblast                Erth           0%         2d4       100%        1
 Passwall                 Tmut/Erth      0%         N/A       100%        2
 Dazzling Flash           Conj/Hex       0%         N/A       100%        3
 Stone Arrow              Conj/Erth      0%         3d7       100%        3
 Iskenderun's Mystic Bla  Conj/Tloc      0%         2d3       100%        4
 Starburst                Conj/Fire      0%         6d3       100%        6


Dungeon Overview and Level Annotations

Branches:
Dungeon (3/15)

Altars:
Dithmenos

Shops:
D:1 [

Annotations:
D:3 Grinder


Innate Abilities, Weirdness & Mutations

((You are very nimble when in or above water. (Stealth+, EV+, Speed+++)))
Your lower body shifts to a powerful aquatic tail in water.


Message History

Grinder is moderately wounded.
Grinder gestures at you. Pain shoots through your body!
* * * LOW HITPOINT WARNING * * *
You hit Grinder.
Grinder is moderately wounded.
Unknown command.
You hit Grinder.
Grinder is moderately wounded.
Grinder hits you.
* * * LOW HITPOINT WARNING * * *
You writhe in agony.
* * * LOW HITPOINT WARNING * * *
You hit Grinder but do no damage.
Grinder is moderately wounded.
Unknown command.
It was a potion of curing.
You feel better. Grinder hits you but does no damage.
Unknown command.
It was a potion of invisibility.
You fade into invisibility!
Grinder closely misses you.
You hit Grinder.
Grinder is heavily wounded.
Grinder gestures at you. Pain shoots through your body!
* * * LOW HITPOINT WARNING * * *
You closely miss Grinder.
Grinder is heavily wounded.
Unknown command.
You hit Grinder.
Grinder is heavily wounded.
Grinder barely misses you.
You hit Grinder.
Grinder is heavily wounded.
You hit Grinder but do no damage.
Grinder is heavily wounded.
Grinder gestures at you. Pain shoots through your body!
You die...

####### #...... ##.....##
##.##### #.......###..#####
#.................
#.....#######..###
#.....#.....#...#
#.###.#.....#..###
#.....#.._..'..... #.. ..###
#@###.#.....#.#### #..##...# #5#
#.#.....#.# #.. ....# #.#
#.#######.## #.# #...#
##.###..........## #.###..#
####...########.....## #......#
#.......## ##......†#
###...##.###........####.>...†...
.......r..r............+........<
###...##.###........#.##.........


You could see Grinder (can't see you).

Vanquished Creatures
  Jessica (D:2)
  3 adders
  A worm (D:2)
  A dart slug (D:1)
  4 endoplasms
  4 giant cockroaches
  2 goblins
  6 hobgoblins
  2 jackals (D:1)
  2 kobolds (D:1)
  4 quokkas
  6 ball pythons
  6 bats
  3 frilled lizards (D:2)
  5 rats
50 creatures vanquished.

Notes
Turn   | Place    | Note
-------+----------+-------------------------------------------
     0 | D:1      | tilp the Merfolk Brigand began the quest for the Orb.
     0 | D:1      | Reached XP level 1. HP: 16/16 MP: 1/1
    30 | D:1      | Found Zufemel's Antique Armour Boutique.
   389 | D:1      | Reached skill level 1 in Polearms
   389 | D:1      | Reached XP level 2. HP: 23/23 MP: 2/2
   703 | D:1      | Reached XP level 3. HP: 29/29 MP: 3/3
  1359 | D:2      | Noticed Jessica
  1367 | D:2      | Killed Jessica
  1368 | D:2      | Reached XP level 4. HP: 37/37 MP: 4/4
  1824 | D:3      | Found a shadowy altar of Dithmenos.
  2124 | D:3      | Noticed Grinder
  2178 | D:3      | Killed from afar by Grinder

Illustrated notes

Levels and vault maps discovered:
D:1:      mainiacjoe_arrival_reflecting_pool, layout_loops_ring, serial_shops,
          shop_coins
D:2:      layout_basic, st_stairs_12, uniq_jessica
D:3:      corexii_shack_village, layout_loops_corners, amcnicky_altar_gilded,
          grunt_gozag_breadcrumbs, nicolae_hepliaklqana_monster_ancestors,
          uniq_grinder

Skill      XL: |  1  2  3  4 |
---------------+-------------+-----
Polearms       | 1 3 4 |  4.1
Fighting       | 3 4 |  4.0
Short Blades   | |  2.4
Throwing       | |  2.0
Dodging        | |  1.3
Stealth        | |  4.3

Action                   |  1- 3 |  4- 6 || total
-------------------------+-------+-------++-------
Melee: Dagger            |    89 |   110 ||   199
       Punch             |       |     1 ||     1
Throw: Dart              |       |     2 ||     2
  Use: Scroll            |     1 |     4 ||     5
       Potion            |       |     2 ||     2
 Stab: Sleeping          |    14 |     1 ||    15
Armor: Robe              |    21 |       ||    21
       Chain mail        |       |    32 ||    32
Dodge: Dodged            |    38 |    27 ||    65

Table legend: (Time is in decaauts)
 A = Elapsed time spent in this place.
 B = Non-inter-level travel time spent in this place.
 C = Inter-level travel time spent in this place.
 D = Time resting spent in this place.
 E = Time spent auto-exploring this place.
 F = Levels seen in this place.
 G = Mean time per level.
                   A        B        C        D        E       F      G
               +--------+--------+--------+--------+--------+-----+--------+
         Total |   2097 |   1989 |    108 |    274 |   1319 |   3 |  699.0 |
       Dungeon |   2097 |   1989 |    108 |    274 |   1319 |   3 |  699.0 |
               +--------+--------+--------+--------+--------+-----+--------+

Top non-repeatable levels by time:
     D:1: 1033 daAuts
     D:2: 740 daAuts
     D:3: 323 daAuts
